 Dungeon Crawl Stone Soup version 0.29.0-4-gdea44cf6ec (webtiles) character file.

Game seed: 1076055057754877800

23 qw the Chopper (level 3, 0/21 HPs)
             Began as a Tengu Warper on Aug 28, 2022.
             Slain by Natasha (4 damage)
             ... on level 2 of the Dungeon.
             The game lasted 00:00:04 (942 turns).

qw the Chopper (Tengu Warper)                        Turns: 942, Time: 00:00:05

Health: 0/21       AC:  5    Str: 13    XL:     3   Next: 0%
Magic:  7/7        EV: 11    Int: 13    God:
Gold:   109        SH:  0    Dex: 13    Spells: 6/6 levels left

rFire   . . .      SeeInvis .   h - +0 war axe
rCold   . . .      Faith    .   (no shield)
rNeg    . . .      Spirit   .   j - +0 ring mail
rPois   .          Reflect  .   (helmet restricted)
rElec   .          Harm     .   (no cloak)
rCorr   .          Rampage  .   (no gloves)
Will    .....                   (boots unavailable)
Stlth   +.........              (no amulet)
HPRegen 0.07/turn               (no ring)
MPRegen 0.10/turn               (no ring)

@: no status effects
A: beak, talons 3
a: no special abilities


You were on level 2 of the Dungeon.
You visited 1 branch of the dungeon, and saw 2 of its levels.

You collected 109 gold pieces.


Innate Abilities, Weirdness & Mutations

You have a beak for a mouth.
You have claws for feet.


   Skills:
 - Level 2.0 Fighting
 + Level 3.7 Axes
 - Level 1.0 Throwing
 - Level 1.1 Armour
 - Level 2.1 Dodging
 - Level 2.0 Spellcasting
 - Level 2.4 Translocations


You had 6 spell levels left.
You didn't know any spells.
Your spell library contained the following spells:

 Spells                   Type           Power      Damage    Failure   Level
 Blink                    Tloc           14%        N/A       30%         2
 Gell's Gravitas          Tloc           7%         N/A       52%         3
 Lesser Beckoning         Tloc           7%         N/A       52%         3
 Teleport Other           Tloc           7%         N/A       52%         3
 Manifold Assault         Tloc           7%         N/A       99%         5

Inventory:

Hand Weapons
 d - a +0 flail
 h - a +0 war axe (weapon)
Missiles
 i - 4 javelins (quivered)
Armour
 c - a +0 plate armour
 j - a +0 ring mail (worn)
Scrolls
 b - a scroll of enchant armour {unknown}
Potions
 a - a potion of magic {unknown}
 e - a potion of flight {unknown}
 g - a potion of mutation {unknown}

Dungeon Overview and Level Annotations

Branches:
Dungeon (2/15)

Altars:

Annotations:
D:2 Natasha


Message History

You have reached level 3!
Your experience leads to an increase in your attributes!
Increase (S)trength, (I)ntelligence, or (D)exterity?
You feel stronger. x2
You start resting.
HP restored.
d - a +0 flail
Things that are here:
a +0 hand axe; a hobgoblin corpse
Things that are here:
a +0 club; a +0 sling; a goblin corpse
i - a javelin
Things that are here:
a +0 dagger; a goblin corpse You now have 78 gold pieces (gained 6).
i - 2 javelins (gained 1)
i - 4 javelins (gained 2)
You now have 86 gold pieces (gained 8).
Things that are here:
a +0 dagger; a goblin corpse
There is an open door here.
You now have 99 gold pieces (gained 13).
You now have 109 gold pieces (gained 10).
You see here a +0 dagger.
Found a chain mail.
934 ||| DROPPING +0 mace.
You drop a +0 mace.
Natasha, Servant of Life and Death comes into view.
Found a notched tourmaline ring.
Found 16 gold pieces.
Natasha stares at you and mumbles some strange words.
The magic dart hits you.
Natasha stares at you and mumbles some strange words.
The magic dart hits you! Natasha claws you but does no damage.
You hit Natasha but do no damage. Your peck misses Natasha.
Natasha claws you. x2
You hit Natasha. You claw Natasha. Your peck misses Natasha.
Natasha is heavily wounded.
Natasha claws you.
You die...

.#......#(....#
.....#.......##
..............####
##.####..%)##..).######
#.# #....#####..?...#
##'####....# #......##
...........#
###....?...
.......##%##
#.......### .......##.#
#$.@....# #########.#
#..h[...# ..........##
#.....### ##.....#...#
#..=..#
..<....#.#.###.....#
#......#.#..##.....#
#......#............
##.....#####.#.......
......... .# ..


You could see Natasha.

Vanquished Creatures
  An orc (D:2)
  2 endoplasms (D:2)
  A giant cockroach (D:2)
  4 goblins
  4 hobgoblins
  2 kobolds
  A ball python (D:2)
  3 bats (D:1)
  A rat (D:2)
19 creatures vanquished.

Notes
Turn   | Place    | Note
-------+----------+-------------------------------------------
     0 | D:1      | qw the Tengu Warper began the quest for the Orb.
     0 | D:1      | Reached XP level 1. HP: 12/12 MP: 4/4
     0 | D:1      | 0 ||| qw: Version: 0.1-a-89-g26bdef1
     0 | D:1      | 0 ||| qw: Game counter: 2028
     0 | D:1      | 0 ||| qw: Always use a shield: true
     0 | D:1      | 0 ||| qw: God list: Okawaru
     0 | D:1      | 0 ||| qw: Allow faded altars: false
     0 | D:1      | 0 ||| qw: Do Orc after D:15 true
     0 | D:1      | 0 ||| qw: Do second Lair branch before Depths: true
     0 | D:1      | 0 ||| qw: Lair rune preference: random
     0 | D:1      | 0 ||| qw: Plans: Normal
     0 | D:1      | 0 ||| PLANNING D:1-11
    11 | D:1      | Found a faded altar of an unknown god.
   380 | D:1      | 380 ||| Stepping ~*~*~tactically~*~*~ (stealth).
   385 | D:1      | Reached XP level 2. HP: 17/17 MP: 6/6
   635 | D:1      | 635 ||| UPGRADING to +0 ring mail.
   645 | D:1      | 645 ||| DROPPING +0 leather armour.
   646 | D:1      | 646 ||| READING scroll labelled BEZAME FYHEDO.
   647 | D:1      | 647 ||| READING scroll labelled OMAPPE JIEMO.
   648 | D:1      | 648 ||| READING 2 scrolls labelled JOSOQO CEIMUYT.
   649 | D:1      | 649 ||| DROPPING scroll of blinking.
   650 | D:1      | 650 ||| DROPPING scroll of butterflies.
   724 | D:2      | Reached skill level 3 in Axes
   731 | D:2      | 731 ||| Stepping ~*~*~tactically~*~*~ (stealth).
   733 | D:2      | 733 ||| Stepping ~*~*~tactically~*~*~ (stealth).
   738 | D:2      | 738 ||| Stepping ~*~*~tactically~*~*~ (stealth).
   797 | D:2      | 797 ||| SWAPPING to +0 war axe.
   802 | D:2      | 802 ||| DROPPING +0 hand axe.
   803 | D:2      | 803 ||| Stepping ~*~*~tactically~*~*~ (stealth).
   810 | D:2      | 810 ||| Stepping ~*~*~tactically~*~*~ (stealth).
   852 | D:2      | Reached XP level 3. HP: 18/21 MP: 7/7
   934 | D:2      | 934 ||| DROPPING +0 mace.
   936 | D:2      | Noticed Natasha
   941 | D:2      | HP: 4/21 [Natasha (4)]
   942 | D:2      | Slain by Natasha

Levels and vault maps discovered:
D:1:      psy_arrival_terrarium, layout_loops_ring,
          ebering_ecumenical_altar_webs, minmay_pentomino_u2
D:2:      layout_basic, basic_altar, hangedman_decor_points,
          minmay_increasing_density, uniq_natasha, uniq_terence

Skill      XL: |  1  2 |
---------------+-------+-----
Axes           | 3 |  3.7
Fighting       | |  2.0
Throwing       | |  1.0
Armour         | |  1.1
Dodging        | |  2.1
Spellcasting   | |  2.0
Translocations | |  2.4

Action                   || total
-------------------------++-------
Melee: Hand axe          ||    18
       Kick              ||     6
       Peck              ||     3
       War axe           ||    12
Throw: Boomerang         ||     7
       Javelin           ||     4
  Use: Scroll            ||     3
Armor: Leather armour    ||     3
       Ring mail         ||    12
Dodge: Dodged            ||    11

Table legend:
 A = Non-vault XP
 B = Vault XP
 C = Vault XP percentage of total XP
 D = Non-vault monster count
 E = Vault monster count
 F = Vault count percentage of total count
                 A         B        C        D         E       F
            +---------+---------+-------+---------+---------+-------
      Total |      17 |      17 |  50.0 |      10 |       9 |  47.4
            +---------+---------+-------+---------+---------+-------
        D:1 |       6 |       4 |  40.0 |       4 |       2 |  33.3
        D:2 |      11 |      13 |  54.2 |       6 |       7 |  53.8
            +---------+---------+-------+---------+---------+-------
